 Dungeon Crawl Stone Soup version 0.30.0-29-ga12c61a403 (webtiles) character file.

Game seed: 17311744289103138025

2783 qw the Cleaver (level 9, -3/57 HPs)
             Began as a Gargoyle Fighter on June 3, 2023.
             Was a Follower of Okawaru.
             Killed by divine providence
             ... invoked by an orc priest
              (11 damage)
             ... on level 7 of the Dungeon.
             The game lasted 00:03:14 (5671 turns).

qw the Cleaver (Gargoyle Fighter)                   Turns: 5671, Time: 00:03:14

Health: -3/57      AC: 24    Str: 23    XL:     9   Next: 70%
Magic:  6/9        EV: 12    Int:  8    God:    Okawaru [*.....]
Gold:   408        SH:  7    Dex: 19    Spells: 8/8 levels left

rFire   + . .        Y - +1 war axe
rCold   . . .        c - +0 buckler
rNeg    + . .        o - +0 chain mail
rPois   inf          m - +0 helmet
rElec   +            (no cloak)
rCorr   .            h - +0 pair of gloves
SInv    .            (no boots)
Will    .....        (no amulet)
Stlth   +            g - +6 ring of dexterity
HPRegen 0.29/turn    i - +4 ring of protection
MPRegen 0.11/turn

%: no passive effects
@: about to teleport, heroic
A: sickness immunity, AC +6, negative energy resistance 1, electricity
resistance, torment resistance 1, petrification resistance, agile 1, fire
resistance 1, sense surroundings 1, MP-powered wands
a: Renounce Religion, Heroism


You were on level 7 of the Dungeon.
You worshipped Okawaru.
Okawaru was aware of your devotion.
You visited 2 branches of the dungeon, and saw 8 of its levels.

You collected 408 gold pieces.


Innate Abilities, Weirdness & Mutations

You are immune to sickness and miasma.
Your stone body is resilient. (AC +6)
You are immune to poison.
You resist negative energy. (rN+)
You are resistant to electric shocks. (rElec)
You are resistant to unholy torment.
You are immune to petrification.
You are agile. (Dex +4, Str/Int -1)
Your flesh is heat resistant. (rF+)
You passively map a small area around you.
You expend magic power (3 MP) to strengthen your wands.


   Skills:
 - Level 7.0(12.0) Fighting
 + Level 9.8(14.8) Axes
 - Level 5.0(10.0) Armour
 - Level 2.1(7.1) Dodging
 - Level 4.0(9.0) Shields
 + Level 1.2 Invocations


You had 8 spell levels left.
You didn't know any spells.
Your spell library was empty.

Inventory:

Hand Weapons
 q - a +5 flail of holy wrath
 Y - a +1 war axe (weapon)
Armour
 c - a +0 buckler (worn)
 h - a +0 pair of gloves (worn)
 m - a +0 helmet (worn)
 o - a +0 chain mail (worn)
Jewellery
 g - a +6 ring of dexterity (left hand)
 i - a +4 ring of protection (right hand)
Wands
 e - a wand of digging (4)
Scrolls
 a - a scroll of identify
 f - a scroll of teleportation
 k - a scroll of poison {unknown}
Potions
 b - 2 potions of lignification
 d - a potion of might
 j - 7 potions of curing
 l - a potion of mutation
 p - 2 potions of haste {unknown}
 r - a potion of brilliance {unknown}

Dungeon Overview and Level Annotations

Branches:
Dungeon (7/15)             Temple (1/1) D:7

Altars:
Ashenzari
Cheibriados
Dithmenos
Elyvilon
Fedhas
Gozag
Hepliaklqana
Kikubaaqudgha
Makhleb
Nemelex Xobeh
Okawaru
Ru
Trog
Uskayaw
Vehumet
Wu Jian
Xom
Yredelemnul
Zin
The Shining One

Annotations:
D:3 1 runed translucent door, Crazy Yiuf
D:6 Duvessa


Message History

You slash the gnoll!
You kill the gnoll!
Okawaru accepts your kill. The gnoll barely misses you.
You slash the ogre!
The ogre is heavily wounded.
The ogre misses you. The gnoll hits you but does no damage.
You hit the ogre but do no damage.
The ogre is heavily wounded.
You slash the hobgoblin!
You kill the hobgoblin!
Okawaru accepts your kill.
You slash the ogre!
The ogre is severely wounded.
Your surroundings suddenly seem different. 2 orcs, an orc priest, an ice beast and a steam dragon come into view.
You feel like a meek peon again.
The orc shouts!
The orc priest shouts!
The steam dragon hisses angrily.
The steam dragon breathes steam at you.
The ball of steam hits you but does no damage.
The orc hits you but does no damage.
The steam dragon moves out of view.
You hear a shout! x3; You hear a howl!
Enter note:
Enter note:
Enter note:
5669 ||| READING 2 scrolls of teleportation.
As you read the scroll of teleportation, it crumbles to dust.
You feel strangely unstable.
A bullfrog comes into view.
The orc priest looks satisfied for a moment.
The orc barely misses you.
5670 ||| INVOKING Heroism.
You gain the combat prowess of a mighty hero.
The orc barely misses you.
You slash the orc!
You kill the orc!
Okawaru accepts your kill.
The orc priest invokes the aid of Beogh against you.
Beogh smites you!
You die...

* * , , #..
.......##......
.....#
..........¤.¤..,
.... ,
,#.........¤....
, ......
,#.........¤.D..
#..#.
..........¤¤.#
*,*#. ,
.......¤¤.¤¤.#
,#.
,.....¤¤¤.¤¤.¤#.
, ,#.
....Y..@¤......
.. *
#....¤¤¤.......
, ...
.......¤.......
, ,, ,
.....o¤.¤......
,
..o.....F......
,,
...............,
, ,
...##..........
... ##........#
,, , , ,


You could see a steam dragon, an ice beast, a bullfrog, an orc priest and an
orc.

Vanquished Creatures
  Maggie (D:7)
  A hornet (D:6)
  Edmund (D:6)
  Menkaure (D:6)
  A water moccasin (D:5)
  An orc warrior (D:7)
  5 ogres
  2 ice beasts
  A centaur (D:7)
  A phantom (D:5)
  A kobold brigand (D:7)
  Blork the orc (D:6)
  2 bullfrogs (D:6)
  A scorpion (D:5)
  Dowan (D:6)
  A howler monkey (D:4)
  An electric eel (D:6)
  5 hounds
  2 orc priests
  5 orc wizards (D:7)
  Robin (D:3)
  10 gnolls
  8 adders
  A white imp (D:6)
  A worm (D:5)
  2 dart slugs
  19 orcs
  6 endoplasms
  2 giant cockroaches
  14 hobgoblins
  8 quokkas
  11 ball pythons
  5 bats
  7 frilled lizards
  20 goblins
  18 kobolds
  A rat (D:2)
169 creatures vanquished.

Notes
Turn   | Place    | Note
-------+----------+-------------------------------------------
     0 | D:1      | qw the Gargoyle Fighter began the quest for the Orb.
     0 | D:1      | Reached XP level 1. HP: 14/14 MP: 1/1
     0 | D:1      | 0 ||| qw: Version: 0.2-a-103-g5a998e5
     0 | D:1      | 0 ||| qw: Game counter: 1058
     0 | D:1      | 0 ||| qw: Always use a shield: true
     0 | D:1      | 0 ||| qw: God list: Okawaru
     0 | D:1      | 0 ||| qw: Allow faded altars: false
     0 | D:1      | 0 ||| qw: Do Orc after D:15 true
     0 | D:1      | 0 ||| qw: Do second Lair branch before Depths: true
     0 | D:1      | 0 ||| qw: Lair rune preference: random
     0 | D:1      | 0 ||| qw: Plans: Normal, Zot:1-4, Slime:5, God:TSO, Crypt,
                  | Tomb, Pan, Hells, Abyss, Win
     0 | D:1      | 0 ||| PLANNING D:1-11
    20 | D:1      | 20 ||| Stepping ~*~*~tactically~*~*~ (hiding).
    26 | D:1      | 26 ||| Stepping ~*~*~tactically~*~*~ (stealth).
    32 | D:1      | Reached skill level 2 in Axes
    50 | D:1      | Reached XP level 2. HP: 12/19 MP: 2/2
    97 | D:1      | 97 ||| FLEEEEING.
    98 | D:1      | 98 ||| FLEEEEING.
    99 | D:1      | 99 ||| FLEEEEING.
   163 | D:1      | 163 ||| Stepping ~*~*~tactically~*~*~ (hiding).
   166 | D:1      | 166 ||| Stepping ~*~*~tactically~*~*~ (hiding).
   167 | D:1      | 167 ||| Stepping ~*~*~tactically~*~*~ (hiding).
   168 | D:1      | 168 ||| Stepping ~*~*~tactically~*~*~ (hiding).
   169 | D:1      | 169 ||| Stepping ~*~*~tactically~*~*~ (hiding).
   306 | D:1      | Reached skill level 3 in Axes
   370 | D:1      | Reached XP level 3. HP: 21/23 MP: 3/3
   403 | D:1      | 403 ||| FLEEEEING.
   911 | D:1      | 911 ||| UPGRADING to +6 ring of dexterity.
   912 | D:1      | 912 ||| UPGRADING to +4 ring of protection.
   913 | D:1      | 913 ||| READING 2 scrolls labelled KAIHILL VYCESU.
   914 | D:1      | 914 ||| READING scroll labelled YFOVIR TAECICS.
   919 | D:1      | 919 ||| READING scroll labelled MUH FUORCHA.
   920 | D:1      | 920 ||| DRINKING 2 fizzy green potions.
   920 | D:1      | Gained mutation: You have hidden genetic potential. [potion
                  | of mutation]
   920 | D:1      | Gained mutation: You are agile. (Dex +4, Str/Int -1)
                  | [potion of mutation]
   920 | D:1      | Gained mutation: Your flesh is heat resistant. (rF+)
                  | [potion of mutation]
  1198 | D:2      | Reached skill level 1 in Dodging
  1230 | D:2      | Reached XP level 4. HP: 28/28 MP: 4/4
  1402 | D:2      | Found a faded altar of an unknown god.
  1463 | D:2      | Gained mutation: You passively map a small area around you.
                  | [hidden potential]
  1536 | D:2      | 1536 ||| UPGRADING to +0 pair of gloves.
  1541 | D:2      | 1541 ||| UPGRADING to +0 helmet.
  1546 | D:2      | 1546 ||| READING scroll labelled ZOQIONIMARGH.
  1547 | D:2      | 1547 ||| READING scroll labelled FETSUN PIES.
  1648 | D:2      | 1648 ||| READING scroll labelled DUCIFO RUIMEG.
  1649 | D:2      | 1649 ||| READING scroll labelled KOEBRAACLE.
  1743 | D:3      | Reached skill level 4 in Axes
  1755 | D:3      | 1755 ||| Stepping ~*~*~tactically~*~*~ (stealth).
  1756 | D:3      | 1756 ||| Stepping ~*~*~tactically~*~*~ (stealth).
  1771 | D:3      | Noticed Robin
  1784 | D:3      | Killed Robin
  1785 | D:3      | Reached XP level 5. HP: 22/32 MP: 5/5
  1850 | D:3      | 1850 ||| Stepping ~*~*~tactically~*~*~ (stealth).
  1869 | D:3      | Gained mutation: You expend magic power (3 MP) to
                  | strengthen your wands. [hidden potential]
  1869 | D:3      | Lost mutation: You have hidden genetic potential. [hidden
                  | potential expressed]
  1946 | D:3      | Found a runed translucent door.
  1947 | D:3      | Noticed Crazy Yiuf
  2131 | D:3      | 2131 ||| UPGRADING to +0 chain mail.
  2141 | D:3      | 2141 ||| DROPPING +0 scale mail.
  2142 | D:3      | 2142 ||| DRINKING 2 bubbling coppery potions.
  2143 | D:3      | 2143 ||| READING 3 scrolls of identify.
  2143 | D:3      | 2143 ||| IDENTIFYING orange potion
  2144 | D:3      | 2144 ||| DROPPING potion of flight.
  2192 | D:4      | 2192 ||| DROPPING +2 whip of flaming.
  2193 | D:4      | 2193 ||| DROPPING +0 whip.
  2228 | D:4      | Found a glowing golden altar of the Shining One.
  2306 | D:4      | 2306 ||| Stepping ~*~*~tactically~*~*~ (hiding).
  2307 | D:4      | 2307 ||| Stepping ~*~*~tactically~*~*~ (hiding).
  2487 | D:4      | 2487 ||| Stepping ~*~*~tactically~*~*~ (stealth).
  2566 | D:4      | Reached skill level 5 in Axes
  2877 | D:4      | Reached XP level 6. HP: 36/38 MP: 6/6
  2971 | D:4      | 2971 ||| READING scroll labelled TAX CIF BUUNN.
  2972 | D:4      | 2972 ||| READING scroll labelled NIOLEO UCUOBB.
  2973 | D:4      | 2973 ||| DRINKING 2 sedimented purple potions.
  3077 | D:4      | 3077 ||| READING 3 scrolls of identify.
  3077 | D:4      | 3077 ||| IDENTIFYING fuming ruby potion
  3078 | D:4      | 3078 ||| READING 2 scrolls of identify.
  3078 | D:4      | 3078 ||| IDENTIFYING metallic inky potion
  3079 | D:4      | 3079 ||| DROPPING potion of berserk rage.
  3098 | D:5      | Entered Level 5 of the Dungeon
  3402 | D:5      | Reached skill level 6 in Axes
  3402 | D:5      | Reached XP level 7. HP: 38/43 MP: 7/7
  3489 | D:5      | 3489 ||| Stepping ~*~*~tactically~*~*~ (stealth).
  3509 | D:5      | Reached skill level 7 in Axes
  3509 | D:5      | 3509 ||| Stepping ~*~*~tactically~*~*~ (stealth).
  3515 | D:5      | HP: 10/43 [water moccasin (5)]
  3516 | D:5      | 3516 ||| READING 3 scrolls of teleportation.
  3732 | D:5      | 3732 ||| Stepping ~*~*~tactically~*~*~ (stealth).
  3744 | D:5      | HP: 6/44 [ogre/+0 giant club (19)]
  3745 | D:5      | 3745 ||| READING 2 scrolls of teleportation.
  3746 | D:5      | 3746 ||| DRINKING potion of heal wounds.
  3748 | D:5      | Reached XP level 8. HP: 29/49 MP: 8/8
  3753 | D:5      | 3753 ||| FLEEEEING.
  4001 | D:5      | 4001 ||| READING scroll labelled OCIALL JOUCY.
  4087 | D:6      | Found a basalt altar of Yredelemnul.
  4090 | D:6      | Found a hide-covered altar of Uskayaw.
  4183 | D:6      | Noticed Duvessa
  4183 | D:6      | Noticed Dowan
  4184 | D:6      | Noticed Blork the orc
  4190 | D:6      | Killed Blork the orc
  4195 | D:6      | HP: 8/49 [constriction (7)]
  4195 | D:6      | HP: 1/49 [Duvessa/+1 rapier of electrocution (7)]
  4196 | D:6      | 4196 ||| READING scroll of teleportation.
  4197 | D:6      | 4197 ||| DRINKING potion of heal wounds.
  4199 | D:6      | Killed Dowan
  4200 | D:6      | Reached skill level 8 in Axes
  4329 | D:6      | Noticed Menkaure
  4343 | D:6      | Killed Menkaure
  4604 | D:6      | Reached skill level 6 in Fighting
  4740 | D:6      | Noticed Edmund
  4753 | D:6      | Killed Edmund
  4756 | D:6      | 4756 ||| DROPPING +0 flail.
  4844 | D:6      | 4844 ||| READING 2 scrolls of identify.
  4844 | D:6      | 4844 ||| IDENTIFYING bubbling emerald potion
  4845 | D:6      | 4845 ||| DROPPING potion of magic.
  4878 | D:7      | Noticed a hornet
  4879 | D:7      | 4879 ||| PLANNING TEMPLE
  4879 | D:7      | 4879 ||| STAIRDANCE
  4883 | D:7      | 4883 ||| STAIRDANCE
  4895 | D:6      | Killed a hornet
  4896 | D:6      | Reached skill level 9 in Axes
  4896 | D:6      | Reached XP level 9. HP: 31/55 MP: 9/9
  4980 | D:7      | Found a staircase to the Ecumenical Temple.
  4989 | Temple   | Entered the Ecumenical Temple
  5057 | Temple   | 5057 ||| PLANNING OKAWARU WORSHIP
  5291 | Temple   | Became a worshipper of Warmaster Okawaru
  5291 | Temple   | 5291 ||| PLANNING D:1-11
  5372 | D:7      | Noticed Maggie
  5397 | D:7      | Killed Maggie
  5586 | D:7      | Reached * piety under Okawaru
  5607 | D:7      | Reached skill level 1 in Invocations
  5623 | D:7      | 5623 ||| INVOKING Heroism.
  5653 | D:7      | 5653 ||| INVOKING Heroism.
  5663 | D:7      | HP: 6/57 [orc priest/divine providence (9)]
  5664 | D:7      | 5664 ||| READING 3 scrolls of teleportation.
  5669 | D:7      | 5669 ||| READING 2 scrolls of teleportation.
  5670 | D:7      | 5670 ||| INVOKING Heroism.
  5671 | D:7      | Killed from afar by an orc priest

Levels and vault maps discovered:
D:1:      shiori_arrival_maze, layout_basic
D:2:      layout_basic, hellmonk_ecumenical_altar_lost_god,
          kennysheep_big_empty_room
D:3:      layout_rooms, uniq_robin, uniq_crazy_yiuf_cottage
D:4:      layout_loops_ring, nicolae_tso_carved_into_rock,
          minmay_misc_feat_cross, serial_bayou_lake_a
D:5:      layout_rooms, minmay_fractal_squares_diagonal_5
D:6:      layout_gridville, nicolae_overflow_squiral, uniq_duvessa,
          uniq_menkaure, uniq_edmund, uniq_blork_the_orc
D:7:      kennysheep_housing_project, layout_cave_pools,
          minmay_temple_entry_tees, serial_shops, nicolae_shop_behind_doors,
          uniq_maggie
Temple:   minmay_temple_bridge_d

Skill      XL: |  1  2  3  4  5  6  7  8  9 |
---------------+----------------------------+-----
Axes           | 2 3 4 5 6 7 9 |  9.8
Dodging        | 1 2 |  2.1
Fighting       | 4 5 6 7 |  7.0
Armour         | 4 5 |  5.0
Shields        | 4 |  4.0
Invocations    | 1 |  1.2

Action                     |  1- 3 |  4- 6 |  7- 9 || total
---------------------------+-------+-------+-------++-------
  Melee: War axe           |   100 |   164 |   232 ||   496
 Invoke: Heroism           |       |       |     3 ||     3
    Use: Scroll            |     3 |     9 |     7 ||    19
         Potion            |     1 |     2 |     2 ||     5
 Armour: Scale mail        |    44 |    48 |       ||    92
         Chain mail        |       |    35 |   146 ||   181
  Dodge: Dodged            |    26 |    63 |   102 ||   191
  Block: Buckler           |    16 |    36 |    66 ||   118

Table legend:
 A = Non-vault XP
 B = Vault XP
 C = Vault XP percentage of total XP
 D = Non-vault monster count
 E = Vault monster count
 F = Vault count percentage of total count
                 A         B        C        D         E       F
            +---------+---------+-------+---------+---------+-------
      Total |    1759 |    2221 |  55.8 |     120 |      49 |  29.0
            +---------+---------+-------+---------+---------+-------
        D:1 |      49 |       4 |   7.5 |      25 |       2 |   7.4
        D:2 |      61 |       0 |   0.0 |      24 |       0 |   0.0
        D:3 |      59 |      38 |  39.2 |      19 |      13 |  40.6
        D:4 |     137 |       0 |   0.0 |      18 |       0 |   0.0
        D:5 |     505 |     480 |  48.7 |      16 |       8 |  33.3
        D:6 |     784 |     501 |  39.0 |       8 |       4 |  33.3
        D:7 |     164 |    1198 |  88.0 |      10 |      22 |  68.8
            +---------+---------+-------+---------+---------+-------
